AoeStats
← getdegekke

Hideout

514615905Analyzed
2v2 RM · 17h ago on Oct 18, 2026· 48m 24s· 4 players
Game mode
Random Map
Map size
Medium (4 player)
Population
200
Speed
Normal
Resources
Standard
Victory
Conquest
Starting age
Dark Age
Ending age
Imperial Age
RankedLock teamsTeams togetherTeam positionsShared explorationLock speedFull tech treeHidden civsTurbo modeCheats
Victory
Defeat
🇹🇼 Vikings · Taiwan
1012
+15
🇹🇼 Burgundians · Taiwan
988
+16
vs
🇳🇱 Byzantines · Netherlands
1000
-48
🇩🇪 Jurchens · Germany
995
-15
Kuhlerspieler
2:03 Loom
10:36 Feudal Age
11:36 Double-Bit Axe
11:57 Horse Collar
13:50 Bloodlines
14:20 Forging
20:43 Castle Age
19:22 Fletching
20:22 Padded Archer Armor
20:36 Gold Mining
34:31 Leather Archer Armor
36:11 Gold Shaft Mining
36:14 Wheelbarrow
38:04 Scale Mail Armor
39:37 Chain Mail Armor
40:08 Town Watch
40:41 Hand Cart
42:02 Iron Casting
getdegekke
10:09 Loom
11:55 Feudal Age
12:44 Horse Collar
15:57 Double-Bit Axe
19:15 Castle Age
18:48 Gold Mining
21:27 Fletching
22:31 Wheelbarrow
23:43 Crossbowman
25:57 Hand Cart
27:54 Bodkin Arrow
28:00 Padded Archer Armor
28:35 Heavy Plow
30:18 Thumb Ring
32:54 Gold Shaft Mining
32:12 Stone Mining
34:42 Scale Barding Armor
34:53 Leather Archer Armor
34:49 Forging
35:31 Ballistics
35:07 Murder Holes
43:40 Imperial Age
41:47 Chain Barding Armor
42:03 Iron Casting
43:32 Squires
43:50 Fortified Wall
43:21 Treadmill Crane
john5458boy1314
6:49 Wheelbarrow
8:26 Double-Bit Axe
10:30 Loom
10:36 Gold Mining
13:38 Feudal Age
11:58 Horse Collar
14:52 Bow Saw
17:42 Castle Age
16:35 Stone Mining
19:41 Gold Shaft Mining
21:35 Town Watch
21:45 Cavalier
22:26 Husbandry
23:51 Scale Barding Armor
24:23 Forging
27:43 Chain Barding Armor
27:58 Iron Casting
28:19 Hand Cart
28:05 Town Patrol
32:19 Two-Man Saw
32:25 Stone Shaft Mining
36:57 Imperial Age
35:41 Scale Mail Armor
35:26 Treadmill Crane
36:06 Ballistics
37:57 Chain Mail Armor
37:16 Paladin
39:32 Plate Barding Armor
39:58 Blast Furnace
41:18 Heavy Plow
43:06 Plate Mail Armor
42:37 Padded Archer Armor
42:27 Fletching
45:27 Guilds
45:49 Coinage
imissyouyuki
10:18 Feudal Age
10:50 Double-Bit Axe
13:09 Horse Collar
18:27 Castle Age
16:30 Gold Mining
16:30 Stone Mining
17:38 Forging
17:28 Scale Mail Armor
23:11 Arson
28:57 Squires
30:21 Bow Saw
31:14 Iron Casting
31:12 Stone Mining
33:26 Heavy Plow
34:02 Heavy Plow
39:38 Imperial Age
39:17 Chain Mail Armor
40:38 Conscription
39:41 Pikeman
41:33 Two-Man Saw
41:38 Gold Shaft Mining
41:36 Crop Rotation
42:30 Blast Furnace
42:00 Plate Mail Armor
42:09 Plate Mail Armor
42:29 Chieftains
45:33 Elite Varangian Guard
Connection lost

Rejoining the realm…

Still unreachable

The connection could not be restored.

Session expired

The server has moved on; the page needs a fresh start.